 Dungeon Crawl Stone Soup version 0.18.1-8-gdd0e5ea (webtiles) character file.

26 M4edhros the Bolt Thrower (level 3, 0/27 HPs)
             Began as a Formicid Hunter on June 3, 2016.
             Succumbed to a goblin's poison
             ... on level 1 of the Dungeon.
             The game lasted 00:01:09 (501 turns).

M4edhros the Bolt Thrower (Formicid Hunter)          Turns: 501, Time: 00:01:10

Health: 0/27       AC:  6    Str: 16    XL:     3   Next: 22%
Magic:  3/3        EV:  9    Int: 10    God:
Gold:   21         SH:  0    Dex: 12    Spells: 0 memorised, 2 levels left

rFire  . . .     SeeInvis +     h - +2 dagger (venom)
rCold  . . .     Gourm    .     j - +0 scale mail
rNeg   . . .     Faith    .     (no shield)
rPois  .         Spirit   .     (helmet unavailable)
rElec  .         Dismiss  .     (no cloak)
rCorr  .         Reflect  .     (no gloves)
SustAt .         Harm     .     (no boots)
MR     .....                    (no amulet)
Stlth  ..........               (no ring)
                                (no ring)

@: lethally poisoned (0 -> -2), not resistant to hostile enchantments, extremely
unstealthy
A: permanent stasis, dig shafts and tunnels, four strong arms, antennae 3
a: Dig, Shaft Self


You were on level 1 of the Dungeon.
You were not hungry.

You visited 1 branch of the dungeon, and saw 1 of its levels.

You collected 21 gold pieces.

Inventory:

Hand Weapons
 a - a +1 hand crossbow
 b - a +0 short sword
 h - a +2 dagger of venom (weapon)
Missiles
 d - 13 bolts
Armour
 c - a +0 leather armour
 j - a +0 scale mail (worn)
Jewellery
 l - an uncursed ring of positive energy {unknown}
Scrolls
 e - a scroll of remove curse {unknown}
 g - 2 scrolls of identify {unknown}
 i - a scroll of magic mapping {unknown}
 k - a scroll of teleportation {unknown}
Comestibles
 f - a bread ration


   Skills:
 - Level 2.1 Fighting
 + Level 4.9 Crossbows
 - Level 1.7 Dodging
 - Level 1.2 Stealth


You had 2 spell levels left.
You didn't know any spells.

Dungeon Overview and Level Annotations

Branches:
Dungeon (1/15)

Altars:


Innate Abilities, Weirdness & Mutations

You are under a permanent stasis effect.
You can dig through walls and to a lower floor.
Your four strong arms can wield two-handed weapons with a shield.
You have a pair of large antennae on your head (SInv).


Message History

a bolt; a bat corpse
* * * LOW HITPOINT WARNING * * *
You feel sick.
* * * LOW HITPOINT WARNING * * *
You feel sick.
Things that are here:
a dagger of venom; a goblin corpse
* * * LOW HITPOINT WARNING * * *
You feel sick.
Things that are here:
a dagger of venom; a goblin corpse
h - a dagger of venom
* * * LOW HITPOINT WARNING * * *
You feel sick.
Wield which item (- for none, * to show all)? (? for menu, Esc to quit)
Your +2 dagger of venom begins to drip with poison!
h - a +2 dagger of venom (weapon)
Things that are here:
a bolt; a bat corpse You die...

#.##.#.# #.#
######.#..#.#
#..
#........##.#
###
#........'..#
#......†.####
#........#
#........#
#........#
#......@.#
#........#
########## ##
##. #..


There were no monsters in sight!

Vanquished Creatures
  An ooze (D:1)
  A dart slug (D:1)
  3 giant cockroaches (D:1)
  2 goblins (D:1)
  2 hobgoblins (D:1)
  2 jackals (D:1)
  2 bats (D:1)
  A giant newt (D:1)
  6 rats (D:1)
20 creatures vanquished.

Vanquished Creatures (others)
  A draconian (D:1)
  An octopode (D:1)
  A gargoyle (D:1)
  An elf (D:1)
  2 trolls (D:1)
  A formicid (D:1)
  A human (D:1)
  3 dwarves (D:1)
  A mummy (D:1)
  6 tentacles (D:1)
  49 tentacle segments (D:1)
67 creatures vanquished.

Grand Total: 87 creatures vanquished

Notes
Turn   | Place    | Note
--------------------------------------------------------------
     0 | D:1      | M4edhros the Formicid Hunter began the quest for the Orb.
     0 | D:1      | Reached XP level 1. HP: 16/16 MP: 1/1
     0 | D:1      | Noticed a dwarf
     0 | D:1      | Noticed a troll
     0 | D:1      | Noticed a gargoyle
     0 | D:1      | Noticed a formicid
     0 | D:1      | Noticed a draconian
     0 | D:1      | Noticed a kraken
     0 | D:1      | Noticed a dwarf
     0 | D:1      | Noticed a troll
     0 | D:1      | Noticed an elf
     0 | D:1      | Noticed an octopode
     0 | D:1      | Noticed a human
     0 | D:1      | Noticed a dwarf
     3 | D:1      | Killed a human
     6 | D:1      | Killed a dwarf
     7 | D:1      | Killed a gargoyle
     8 | D:1      | Killed a dwarf
    10 | D:1      | Killed a troll
    12 | D:1      | Killed a dwarf
    14 | D:1      | Killed an octopode
    16 | D:1      | Killed a draconian
    16 | D:1      | Killed a troll
    17 | D:1      | Killed an elf
    17 | D:1      | Killed a formicid
   210 | D:1      | Reached XP level 2. HP: 22/22 MP: 2/2
   398 | D:1      | Reached XP level 3. HP: 26/27 MP: 3/3
   496 | D:1      | HP: 1/27 [poisoned by a goblin]
   501 | D:1      | Succumbed to a goblin's poison

Action                   || total
-------------------------++-------
Melee: Short sword       ||    27
 Fire: Hand crossbow     ||    29
  Use: Potion            ||     1
Armor: Leather armour    ||     5
       Scale mail        ||    22
Dodge: Dodged            ||    29
